 Dungeon Crawl Stone Soup version 0.27-a0-1434-g6f15984924 (webtiles) character file.

Game seed: 9932692647914859971

663 jasper the Insei (level 7, -6/53 HPs)
             Began as a Demonspawn Transmuter on July 4, 2021.
             Was an Initiate of Ashenzari.
             Mangled by a scorpion (7 damage)
             ... on level 6 of the Dungeon.
             The game lasted 00:19:05 (5641 turns).

jasper the Insei (Demonspawn Transmuter)            Turns: 5641, Time: 00:19:05

Health: -6/53      AC:  6    Str: 10    XL:     7   Next: 31%
Magic:  10/10      EV: 12    Int: 16    God:    Ashenzari [......]
Gold:   159        SH:  5    Dex: 14    Spells: 6/10 levels left

rFire    . . .     SeeInvis .     - Unarmed
rCold    . . .     Faith    .   f - +0 buckler
rNeg     . . .     Spirit   .   d - +0 ring mail
rPois    .         Reflect  .   (no helmet)
rElec    .         Harm     .   (no cloak)
rCorr    .         Rampage  .   e - +0 pair of gloves
Will     .....                  (no boots)
Stlth    +.........             b - amulet of the acrobat
HPRegen  0.17/turn              (no ring)
MPRegen  0.24/turn              (no ring)

@: lethally poisoned (-6 -> -13)
A: repulsion field 1, foul stench 1, magic regeneration
a: Renounce Religion


You were on level 6 of the Dungeon.
You worshipped Ashenzari.
Ashenzari was noncommittal.
You visited 2 branches of the dungeon, and saw 7 of its levels.

You collected 159 gold pieces.

Inventory:

Missiles
 c - 2 silver javelins
 l - 7 poisoned darts
Armour
 a - a +0 robe
 d - a +0 ring mail (worn)
 e - a +0 pair of gloves (worn)
 f - a +0 buckler (worn)
Jewellery
 b - an amulet of the acrobat (around neck)
 j - a ring of fire
Wands
 m - a wand of mindburst (9)
Scrolls
 i - a scroll of amnesia
Potions
 g - 2 potions of magic
 k - a potion of flight


   Skills:
 + Level 3.9 Fighting
 - Level 1.7 Dodging
 + Level 3.1 Shields
 * Level 5.9 Unarmed Combat
 - Level 2.0 Spellcasting
 - Level 1.7 Transmutations


You had 6 spell levels left.
You knew the following spells:

 Your Spells              Type           Power      Damage    Failure   Level
a - Beastly Appendage     Tmut           14%        N/A       28%         1
b - Wereblood             Tmut           7%         N/A       41%         2
c - Animate Skeleton      Necr           2%         N/A       52%         1

Your spell library contained the following spells:

 Spells                   Type           Power      Damage    Failure   Level
 Magic Dart               Conj           4%         1d3       52%         1
 Pain                     Necr           4%         1d4       52%         1
 Call Imp                 Summ           1%         N/A       65%         2
 Ensorcelled Hibernation  Hex/Ice        2%         N/A       65%         2
 Slow                     Hex            1%         N/A       65%         2
 Spider Form              Tmut/Pois      2%         N/A       77%         3
 Confusing Touch          Hex            1%         N/A       87%         3
 Mephitic Cloud           Conj/Pois/Air  1%         N/A       87%         3
 Vampiric Draining        Necr           0%         2d6       87%         3
 Animate Armour           Summ/Erth      2%         N/A       99%         4
 Ice Form                 Ice/Tmut       4%         N/A       99%         4
 Blade Hands              Tmut           3%         N/A       100%        5
 Iron Shot                Conj/Erth      0%         9d1       100%        6
 Shadow Creatures         Summ           N/A        N/A       100%        6


Dungeon Overview and Level Annotations

Branches:
Dungeon (6/15)             Temple (1/1) D:4

Altars:
Ashenzari
Cheibriados
Dithmenos
Elyvilon
Fedhas
Gozag
Hepliaklqana
Kikubaaqudgha
Makhleb
Nemelex Xobeh
Qazlal
Ru
Sif Muna
Trog
Uskayaw
Vehumet
Wu Jian
Xom
Yredelemnul
Zin
The Shining One

Annotations:
D:3 Terence


Innate Abilities, Weirdness & Mutations

You are surrounded by a mild repulsion field. (EV +2)
You may rarely emit foul miasma when damaged in melee.
You regenerate magic rapidly.


Message History

There is a stone staircase leading up here.
You start resting.
A wyvern zombie comes into view.
You start resting.
A wyvern zombie is nearby!
There is a stone staircase leading up here.
As you read the scroll of teleportation, it crumbles to dust.
You feel strangely unstable.
The wyvern zombie completely misses you.
Really walk into that dispersal trap?
You enter a dispersal trap!
The wyvern zombie blinks! x3; You blink.
Your surroundings seem slightly different.
Found a +0 ring mail.
Okay, then.
Okay, then.
Aiming: Mindburst
Press: ? - help, Shift-Dir - straight line, f - you
Okay, then.
Okay, then.
Casting: Beastly Appendage (safe; 28% risk of failure)
Confirm with . or Enter, or press ? or * to list all spells.
Okay, then.
Okay, then.
A scorpion comes into view.
The scorpion closely misses you. You block the scorpion's attack.
The scorpion stings you.
* * * LOW HITPOINT WARNING * * *
You are lethally poisoned!
The scorpion poisons you!
You take 1 damage, and have 6/53 hp.
You hit the scorpion but do no damage.
* * * LOW HITPOINT WARNING * * *
You feel very sick. You block the scorpion's attack.
You take 3 damage, and have 3/53 hp.
You hit the scorpion but do no damage.
* * * LOW HITPOINT WARNING * * *
You feel sick. The scorpion stings you!
You die...

### #@# .#
.########s##.###
.........Z[....#
........###.##.#..#.....
........###............#
............##.#........
........##........#..#.#
........................
........##........#.##.


You could see a scorpion and a wyvern zombie.

Vanquished Creatures
  An ice beast (D:6)
  A sky beast (D:5)
  A necrophage (D:4)
  A howler monkey (D:4)
  A hound (D:4)
  2 orc priests (D:5)
  A centaur skeleton (D:5)
  3 orc wizards
  A bullfrog skeleton (D:4)
  A hound skeleton (D:5)
  2 shadow imps
  2 dart slugs (D:2)
  18 orcs
  2 ball pythons
  5 endoplasms
  5 giant cockroaches
  8 hobgoblins
  12 jackals
  4 kobolds
  2 quokkas
  4 bats
  2 frilled lizards
  7 goblins
  5 rats
91 creatures vanquished.

Notes
Turn   | Place    | Note
-------+----------+-------------------------------------------
     0 | D:1      | jasper the Demonspawn Transmuter began the quest for the
                  | Orb.
     0 | D:1      | Reached XP level 1. HP: 15/15 MP: 3/3
   247 | D:1      | Reached skill level 3 in Unarmed Combat
   313 | D:1      | Gained mutation: You regenerate magic rapidly. [demonic
                  | ancestry]
   313 | D:1      | Reached XP level 2. HP: 21/21 MP: 5/5
   788 | D:1      | Found a faded altar of an unknown god.
   903 | D:1      | Reached XP level 3. HP: 18/27 MP: 6/6
  1142 | D:1      | Learned a level 2 spell: Wereblood
  1144 | D:1      | Learned a level 1 spell: Animate Skeleton
  2854 | D:2      | Reached skill level 1 in Shields
  2854 | D:2      | Reached skill level 4 in Unarmed Combat
  2854 | D:2      | Reached XP level 4. HP: 32/33 MP: 7/7
  3664 | D:3      | Noticed Terence
  3835 | D:4      | Reached XP level 5. HP: 27/39 MP: 8/8
  4039 | D:4      | Noticed a necrophage
  4055 | D:4      | Killed a necrophage
  4085 | D:4      | Gained mutation: You are surrounded by a mild repulsion
                  | field. (EV +2) [demonic ancestry]
  4085 | D:4      | Reached XP level 6. HP: 28/47 MP: 9/9
  4402 | D:4      | Found a staircase to the Ecumenical Temple.
  4416 | Temple   | Entered the Ecumenical Temple
  4423 | Temple   | Became a worshipper of Ashenzari the Shackled
  4507 | D:4      | Reached skill level 5 in Unarmed Combat
  5182 | D:5      | Entered Level 5 of the Dungeon
  5292 | D:5      | Noticed a sky beast
  5297 | D:5      | Killed a sky beast
  5395 | D:5      | Gained mutation: You may rarely emit foul miasma when
                  | damaged in melee. [demonic ancestry]
  5395 | D:5      | Reached XP level 7. HP: 43/52 MP: 10/10
  5641 | D:6      | HP: 1/53 [poisoned by a scorpion]
  5641 | D:6      | Mangled by a scorpion

Illustrated notes

Levels and vault maps discovered:
D:1:      saegor_arrival_miasma, layout_loops_ring,
          ebering_ecumenical_altar_webs, supply_closet_lemuel,
          minmay_pentomino_r4
D:2:      minmay_alternating_diamond, layout_basic
D:3:      layout_loops_corners, uniq_terence
D:4:      layout_rooms, minmay_temple_entry_offerings, minmay_misc_feat_pillars,
          hangedman_feature_mirror
D:5:      minmay_angry_zag, layout_loops_ring
D:6:      layout_basic
Temple:   compressed_dpeg_circular_temple

Skill      XL: |  1  2  3  4  5  6  7 |
---------------+----------------------+-----
Unarmed Combat | 3 4 5 |  5.9
Fighting       | 2 3 |  3.9
Shields        | 1 2 3 |  3.1
Dodging        | |  1.7
Spellcasting   | |  2.0
Transmutations | |  1.7

Action                   |  1- 3 |  4- 6 |  7- 9 || total
-------------------------+-------+-------+-------++-------
Melee: Unarmed           |   216 |   164 |    28 ||   408
       Punch             |     1 |       |       ||     1
       Headbutt          |     4 |     9 |     1 ||    14
       Kick              |     1 |    28 |     3 ||    32
 Cast: Beastly Appendage |     2 |    17 |     1 ||    20
Evoke: Wand              |       |     2 |     8 ||    10
  Use: Scroll            |     3 |     2 |     1 ||     6
       Potion            |       |     2 |     1 ||     3
 Stab: Sleeping          |     2 |       |       ||     2
Armor: Robe              |     4 |       |       ||     4
       Ring mail         |    62 |    32 |     7 ||   101
Dodge: Dodged            |   110 |    67 |    10 ||   187
Block: Buckler           |    13 |    37 |     6 ||    56

Table legend: (Time is in decaauts)
 A = Elapsed time spent in this place.
 B = Non-inter-level travel time spent in this place.
 C = Inter-level travel time spent in this place.
 D = Time resting spent in this place.
 E = Time spent auto-exploring this place.
 F = Levels seen in this place.
 G = Mean time per level.
                   A        B        C        D        E       F      G
               +--------+--------+--------+--------+--------+-----+--------+
         Total |   5633 |   5395 |    238 |   1682 |   2723 |   7 |  804.7 |
       Dungeon |   5550 |   5325 |    225 |   1682 |   2656 |   6 |  925.0 |
        Temple |     82 |     69 |     13 |      0 |     67 |   1 |   82.0 |
               +--------+--------+--------+--------+--------+-----+--------+

Top non-repeatable levels by time:
     D:2: 1332 daAuts
     D:4: 1314 daAuts
     D:1: 1298 daAuts
     D:3: 1149 daAuts
     D:5: 257 daAuts
     D:6: 198 daAuts
  Temple: 82 daAuts
